AoeStats
← Flizn

Arabia

508740562Analyzed
1v1 RM · 9d ago on Sep 23, 2026· 37m 47s· 2 players
Game mode
Random Map
Map size
Tiny (2 player)
Population
200
Speed
Normal
Resources
Standard
Victory
Conquest
Starting age
Dark Age
Ending age
Imperial Age
RankedLock teamsTeams togetherTeam positionsShared explorationLock speedFull tech treeHidden civsTurbo modeCheats
Victory
Defeat
🇵🇹 Burgundians · Portugal
1057
+15
🇨🇦 Saxons · Canada
1030
-15
santa7785
7:03 Loom
9:17 Feudal Age
9:49 Double-Bit Axe
14:32 Horse Collar
18:04 Town Watch
19:54 Fletching
23:41 Castle Age
26:43 Forging
26:35 Scale Mail Armor
27:10 Squires
36:48 Wheelbarrow
Flizn
9:50 Feudal Age
8:07 Double-Bit Axe
10:08 Horse Collar
11:29 Loom
12:49 Heavy Plow
13:07 Bow Saw
13:06 Scale Mail Armor
19:11 Forging
20:27 Arson
21:03 Scale Barding Armor
25:14 Castle Age
23:32 Gold Mining
26:09 Gold Shaft Mining
26:27 Husbandry
25:48 Light Cavalry
25:51 Cavalier
26:53 Chain Barding Armor
27:08 Iron Casting
26:51 Chain Mail Armor
34:47 Squires
Connection lost

Rejoining the realm…

Still unreachable

The connection could not be restored.

Session expired

The server has moved on; the page needs a fresh start.